AoeStats
← KarleEgon

MegaRandom

506905990Analyzed
1v1 RM · 18d ago on Sep 15, 2026· 25m 57s· 2 players
Game mode
Random Map
Map size
Tiny (2 player)
Population
200
Speed
Normal
Resources
Standard
Victory
Conquest
Starting age
Dark Age
Ending age
Imperial Age
RankedLock teamsTeams togetherTeam positionsShared explorationLock speedFull tech treeHidden civsTurbo modeCheats
Victory
Defeat
🇩🇪 Bulgarians · Germany
768
+15
🇩🇪 Bulgarians · Germany
743
-15
Brummkäfer
0:41 Loom
11:17 Feudal Age
18:40 Wheelbarrow
21:27 Castle Age
19:39 Fletching
20:00 Forging
20:14 Double-Bit Axe
22:07 Wheelbarrow
23:17 Iron Casting
22:38 Bodkin Arrow
22:45 Padded Archer Armor
23:32 Gambesons
KarleEgon
0:28 Loom
11:59 Feudal Age
15:25 Horse Collar
15:33 Double-Bit Axe
20:03 Castle Age
22:27 Forging
22:25 Scale Barding Armor
22:50 Bloodlines
23:24 Husbandry
Connection lost

Rejoining the realm…

Still unreachable

The connection could not be restored.

Session expired

The server has moved on; the page needs a fresh start.